BSA
GREENVILLE 84S @ KANSAS CITY KINGS
09/17/2030
 
TOP OF THE 1ST
Greenville 84s batting - Pitching for Kansas City Kings : LHP Carlos Tavárez
Pitching: LHP Carlos Tavárez
Batting: LHB Stanley Smith 0-0: Called Strike
0-1: Foul Ball, location: 2F
0-2: Ball
1-2: Foul Ball, location: 2F
1-2: Fly out, F8 (Flyball, 8RD)
Batting: RHB John Robertson 0-0: Ball
1-0: Called Strike
1-1: Swinging Strike
1-2: Strikes out swinging
Batting: LHB Brock Larsen 0-0: Foul Ball, location: 2F
0-1: Called Strike
0-2: Ball
1-2: Strikes out looking
Top of the 1st over - 0 runs, 0 hits, 0 errors, 0 left on base; Greenville 0 - Kansas City 0
BOTTOM OF THE 1ST
Kansas City Kings batting - Pitching for Greenville 84s : RHP Andrés Vázquez
Pitching: RHP Andrés Vázquez
Batting: LHB Brian Easdale 0-0: Called Strike
0-1: DOUBLE (Line Drive, 89D)
Batting: RHB Chris Chandler 0-0: Ball
1-0: TRIPLE (Groundball, 3L)
Brian Easdale scores
Batting: RHB Rafael Carreón 0-0: Called Strike
0-1: Called Strike
0-2: Ball
1-2: Foul Ball, location: 2F
1-2: SINGLE (Line Drive, 89S)
Chris Chandler scores
Batting: RHB Eric Fuller 0-0: Ball
1-0: Called Strike
1-1: Fly out, F9 (Flyball, 9S)
Batting: RHB Toshimichi Kono 0-0: Ball
1-0: SINGLE (Flyball, 9S)
Rafael Carreón to second
Runner from 2nd tries for 3rd, OUT!
Batting: RHB Dave Parker 0-0: Called Strike
0-1: Ball
1-1: Swinging Strike
1-2: Ball
2-2: Strikes out swinging
Bottom of the 1st over - 2 runs, 4 hits, 0 errors, 1 left on base; Greenville 0 - Kansas City 2
TOP OF THE 2ND
Greenville 84s batting - Pitching for Kansas City Kings : LHP Carlos Tavárez
Batting: LHB Robert Moore 0-0: Ball
1-0: Foul Ball, location: 2F
1-1: Ball
2-1: Ground out 4-3 (Groundball, 4)
Batting: RHB Pat Fernández 0-0: Called Strike
0-1: Called Strike
0-2: Fly out, F9 (Flyball, 9D)
Batting: LHB Jimmy Vickers 0-0: SINGLE (Flyball, 9S)
Batting: RHB Robert Buckley 0-0: Ball
1-0: Foul Ball, location: 2F
1-1: Foul Ball, location: 2F
1-2: Ball
2-2: Foul Ball, location: 2F
2-2: Foul Ball, location: 2F
2-2: Strikes out looking
Top of the 2nd over - 0 runs, 1 hit, 0 errors, 1 left on base; Greenville 0 - Kansas City 2
BOTTOM OF THE 2ND
Kansas City Kings batting - Pitching for Greenville 84s : RHP Andrés Vázquez
Batting: LHB Ron Crawford 0-0: Called Strike
0-1: Ground out 6-3 (Groundball, 6M)
Batting: LHB Luis González 0-0: Ball
1-0: Ball
2-0: Ball
3-0: Base on Balls
Batting: RHB Cy Keynes 0-0: Ball
1-0: Called Strike
1-1: Foul Ball, location: 2F
1-2: Fly out, F9 (Flyball, 9S)
Batting: LHB Brian Easdale 0-0: Called Strike
0-1: Called Strike
0-2: Ball
Luis González steals 2nd base
1-2: 2-RUN HOME RUN (Line Drive, 9LD), Distance : 385 ft
Batting: RHB Chris Chandler 0-0: Ball
1-0: Called Strike
1-1: Foul Ball, location: 2F
1-2: Ball
2-2: Strikes out swinging
Bottom of the 2nd over - 2 runs, 1 hit, 0 errors, 0 left on base; Greenville 0 - Kansas City 4
TOP OF THE 3RD
Greenville 84s batting - Pitching for Kansas City Kings : LHP Carlos Tavárez
Batting: RHB Ramiro Chávez 0-0: Foul Ball, location: 2F
0-1: Ball
1-1: Fly out, F9 (Flyball, 9LMF)
Batting: RHB Patrick Potts 0-0: Swinging Strike
0-1: Ground out 4-3 (Groundball, 4)
Batting: LHB Stanley Smith 0-0: Called Strike
0-1: Ball
1-1: Called Strike
1-2: Fly out, F8 (Line Drive, 8RM)
Top of the 3rd over - 0 runs, 0 hits, 0 errors, 0 left on base; Greenville 0 - Kansas City 4
BOTTOM OF THE 3RD
Kansas City Kings batting - Pitching for Greenville 84s : RHP Andrés Vázquez
Batting: RHB Rafael Carreón 0-0: Swinging Strike
0-1: Ball
1-1: Foul Ball, location: 2F
1-2: Ground out 5-3 (Groundball, 56S)
Batting: RHB Eric Fuller 0-0: SINGLE (Line Drive, 4M)
Batting: RHB Toshimichi Kono 0-0: Called Strike
0-1: Ball
1-1: Ball
2-1: Foul Ball, location: 2F
2-2: Ball
3-2: Foul Ball, location: 2F
3-2: Strikes out swinging
Eric Fuller steals 2nd base
Batter strikes out.
Batting: RHB Dave Parker 0-0: Fly out, F7 (Flyball, 78S)
Bottom of the 3rd over - 0 runs, 1 hit, 0 errors, 1 left on base; Greenville 0 - Kansas City 4
TOP OF THE 4TH
Greenville 84s batting - Pitching for Kansas City Kings : LHP Carlos Tavárez
Batting: RHB John Robertson 0-0: Ball
1-0: Called Strike
1-1: Swinging Strike
1-2: Strikes out swinging
Batting: LHB Brock Larsen 0-0: Ball
1-0: Called Strike
1-1: SINGLE (Line Drive, 4)
Batting: LHB Robert Moore 0-0: Ball
1-0: Ball
2-0: 2-RUN HOME RUN (Flyball, 89XD), Distance : 392 ft
Batting: RHB Pat Fernández 0-0: Ball
1-0: Called Strike
1-1: Ball
2-1: Fly out, F8 (Flyball, 78D)
Batting: LHB Jimmy Vickers 0-0: Called Strike
0-1: Ball
1-1: Swinging Strike
1-2: Ball
2-2: Foul Ball, location: 2F
2-2: Ball
3-2: Foul Ball, location: 2F
3-2: Ground out 6-3 (Groundball, 6)
Top of the 4th over - 2 runs, 2 hits, 0 errors, 0 left on base; Greenville 2 - Kansas City 4
BOTTOM OF THE 4TH
Kansas City Kings batting - Pitching for Greenville 84s : RHP Andrés Vázquez
Batting: LHB Ron Crawford 0-0: Called Strike
0-1: Called Strike
0-2: Ball
1-2: Strikes out swinging
Batting: LHB Luis González 0-0: Foul Ball, location: 2F
0-1: Called Strike
0-2: Ball
1-2: Ball
2-2: Foul Ball, location: 2F
2-2: Reached on error, E4 (Groundball, 4)
Batting: RHB Cy Keynes 0-0: Called Strike
0-1: SINGLE (Line Drive, 4M)
Luis González to second
Batting: LHB Brian Easdale 0-0: Ball
1-0: Reached on error, E4 (Groundball, 4M)
Luis González to third
Cy Keynes to second
Batting: RHB Chris Chandler 0-0: Grounds into double play, 5-4-3 (Groundball, 56)
Bottom of the 4th over - 0 runs, 1 hit, 2 errors, 2 left on base; Greenville 2 - Kansas City 4
TOP OF THE 5TH
Greenville 84s batting - Pitching for Kansas City Kings : LHP Carlos Tavárez
Batting: RHB Robert Buckley 0-0: Called Strike
0-1: SINGLE (Groundball, 6D)
Batting: RHB Ramiro Chávez 0-0: Ball
1-0: Called Strike
1-1: Swinging Strike
1-2: Ball
2-2: Foul Ball, location: 2F
2-2: Strikes out swinging
Batting: RHB Patrick Potts 0-0: Ball
1-0: Called Strike
1-1: Foul Ball, location: 2F
1-2: Ground out U3 (Groundball, 34)
Robert Buckley to second
Batting: LHB Stanley Smith 0-0: Fly out, F8 (Flyball, 8RD)
Top of the 5th over - 0 runs, 1 hit, 0 errors, 1 left on base; Greenville 2 - Kansas City 4
BOTTOM OF THE 5TH
Kansas City Kings batting - Pitching for Greenville 84s : RHP Andrés Vázquez
Batting: RHB Rafael Carreón 0-0: Ground out 4-3 (Groundball, 34)
Batting: RHB Eric Fuller 0-0: Ball
1-0: Swinging Strike
1-1: Foul Ball, location: 2F
1-2: Foul Ball, location: 2F
1-2: Fly out, F8 (Flyball, 8LD)
Batting: RHB Toshimichi Kono 0-0: Foul Ball, location: 2F
0-1: Ball
1-1: Swinging Strike
1-2: Ball
2-2: Ball
3-2: Foul Ball, location: 2F
3-2: Strikes out swinging
Bottom of the 5th over - 0 runs, 0 hits, 0 errors, 0 left on base; Greenville 2 - Kansas City 4
TOP OF THE 6TH
Greenville 84s batting - Pitching for Kansas City Kings : LHP Carlos Tavárez
Batting: RHB John Robertson 0-0: Foul Ball, location: 2F
0-1: Ball
1-1: DOUBLE (Groundball, 3L)
Batting: LHB Brock Larsen 0-0: Ball
1-0: Foul Ball, location: 2F
1-1: SINGLE (Flyball, 7LS)
John Robertson to third
Batting: LHB Robert Moore 0-0: Foul Ball, location: 2F
0-1: Ball
1-1: Ball
2-1: Swinging Strike
2-2: Strikes out swinging
Batting: RHB Pat Fernández 0-0: Called Strike
0-1: Swinging Strike
0-2: Ball
Brock Larsen steals 2nd base
1-2: Strikes out swinging
Batting: LHB Jimmy Vickers 0-0: Called Strike
0-1: Foul Ball, location: 2F
0-2: Strikes out swinging
Top of the 6th over - 0 runs, 2 hits, 0 errors, 2 left on base; Greenville 2 - Kansas City 4
BOTTOM OF THE 6TH
Kansas City Kings batting - Pitching for Greenville 84s : RHP Andrés Vázquez
Batting: RHB Dave Parker 0-0: Called Strike
0-1: Ball
1-1: Swinging Strike
1-2: Ball
2-2: Strikes out looking
Batting: LHB Ron Crawford 0-0: Swinging Strike
0-1: Ball
1-1: Called Strike
1-2: Strikes out swinging
Batting: LHB Luis González 0-0: Ball
1-0: Called Strike
1-1: Ball
2-1: Fly out, F3 (Line Drive, 34D)
Bottom of the 6th over - 0 runs, 0 hits, 0 errors, 0 left on base; Greenville 2 - Kansas City 4
TOP OF THE 7TH
Greenville 84s batting - Pitching for Kansas City Kings : LHP Carlos Tavárez
Batting: RHB Robert Buckley 0-0: Foul Ball, location: 2F
0-1: Ball
1-1: Ball
2-1: DOUBLE (Line Drive, 89D)
Batting: RHB Ramiro Chávez 0-0: Foul Ball, location: 2F
0-1: Ground out 1-3 (Groundball, 13S)
Robert Buckley to third
Batting: RHB Patrick Potts 0-0: Swinging Strike
0-1: Foul Ball, location: 2F
0-2: Foul Ball, location: 2F
0-2: Foul Ball, location: 2F
0-2: Strikes out swinging
Batting: LHB Stanley Smith 0-0: Ball
1-0: Swinging Strike
1-1: Ball
Wild Pitch!
Robert Buckley scores
2-1: Swinging Strike
2-2: Ball
3-2: Strikes out swinging
Top of the 7th over - 1 run, 1 hit, 0 errors, 0 left on base; Greenville 3 - Kansas City 4
BOTTOM OF THE 7TH
Kansas City Kings batting - Pitching for Greenville 84s : RHP Andrés Vázquez
Pitching: LHP Walt MacKey
Batting: RHB Cy Keynes 0-0: Ground out 5-3 (Groundball, 5L)
Batting: LHB Brian Easdale 0-0: Ball
1-0: SINGLE (Line Drive, 56D)
Batting: RHB Chris Chandler 0-0: Called Strike
0-1: Ball
1-1: Foul Ball, location: 2F
1-2: Ball
2-2: Fielders Choice at 2nd, 6-4 (Groundball, 6)
Batting: RHB Rafael Carreón 0-0: Ball
1-0: Ball
2-0: Ball
3-0: Base on Balls
Chris Chandler to second
Batting: RHB Eric Fuller 0-0: Ball
1-0: Ball
2-0: Foul Ball, location: 2F
2-1: Called Strike
2-2: Strikes out looking
Bottom of the 7th over - 0 runs, 1 hit, 0 errors, 2 left on base; Greenville 3 - Kansas City 4
TOP OF THE 8TH
Greenville 84s batting - Pitching for Kansas City Kings : LHP Carlos Tavárez
Batting: RHB John Robertson 0-0: Ball
1-0: Fly out, F7 (Flyball, 78D)
Batting: LHB Brock Larsen 0-0: Ball
1-0: Swinging Strike
1-1: Ball
2-1: Called Strike
2-2: Ball
3-2: Foul Ball, location: 2F
3-2: Foul Ball, location: 2F
3-2: Ground out 5-3 (Groundball, 56)
Batting: LHB Robert Moore 0-0: Ball
1-0: Foul Ball, location: 2F
1-1: Called Strike
1-2: Foul Ball, location: 2F
1-2: Ball
2-2: Fly out, F9 (Flyball, 89M)
Top of the 8th over - 0 runs, 0 hits, 0 errors, 0 left on base; Greenville 3 - Kansas City 4
BOTTOM OF THE 8TH
Kansas City Kings batting - Pitching for Greenville 84s : LHP Walt MacKey
Batting: RHB Toshimichi Kono 0-0: Called Strike
0-1: Swinging Strike
0-2: Ground out 1-3 (Groundball, P)
Batting: RHB Dave Parker 0-0: Ball
1-0: Called Strike
1-1: Called Strike
1-2: Ball
2-2: SOLO HOME RUN (Flyball, 7D), Distance : 368 ft
Batting: LHB Ron Crawford 0-0: Swinging Strike
0-1: Foul Ball, location: 2F
0-2: Ball
1-2: Strikes out swinging
Batting: LHB Luis González 0-0: Called Strike
0-1: Ball
1-1: Swinging Strike
1-2: Foul Ball, location: 2F
1-2: Foul Ball, location: 2F
1-2: SINGLE (Line Drive, 9LM)
Batting: RHB Cy Keynes 0-0: Swinging Strike
0-1: Foul Ball, location: 2F
0-2: Ball
1-2: Ball
Luis González steals 2nd base
2-2: Strikes out swinging, 2-3 out at first.
Bottom of the 8th over - 1 run, 2 hits, 0 errors, 1 left on base; Greenville 3 - Kansas City 5
TOP OF THE 9TH
Greenville 84s batting - Pitching for Kansas City Kings : LHP Carlos Tavárez
Pitching: RHP Nick Parks
Batting: RHB Pat Fernández 0-0: Ball
1-0: Ball
2-0: Ball
3-0: Foul Ball, location: 2F
3-1: Base on Balls
Pinch Runner at 1st Eduardo Rojas:
Batting: LHB Jimmy Vickers 0-0: Fly out, F7 (Flyball, 7S)
Batting: RHB Robert Buckley 0-0: Ball
1-0: Foul Ball, location: 2F
1-1: Fly out, F9 (Line Drive, 9S)
Batting: RHB Ramiro Chávez 0-0: Ball
1-0: Called Strike
1-1: Ball
2-1: Swinging Strike
2-2: Ball
3-2: Foul Ball, location: 2F
3-2: Strikes out swinging
Top of the 9th over - 0 runs, 0 hits, 0 errors, 1 left on base; Greenville 3 - Kansas City 5
Saturday, April 7th, 2018 - OOTP Baseball 18.8 Build 76